AoeStats
← josiahkane

Arena

507422383Analyzed
1v1 RM · 16d ago on Sep 18, 2026· 32m 16s· 2 players
Game mode
Random Map
Map size
Tiny (2 player)
Population
200
Speed
Normal
Resources
Standard
Victory
Conquest
Starting age
Dark Age
Ending age
Imperial Age
RankedLock teamsTeams togetherTeam positionsShared explorationLock speedFull tech treeHidden civsTurbo modeCheats
Victory
Defeat
🇬🇧 Bohemians · United Kingdom
902
+18
🇹🇼 Britons · Taiwan
954
-18
josiahkane
11:23 Feudal Age
17:16 Castle Age
16:05 Horse Collar
16:25 Double-Bit Axe
20:30 Chemistry
19:41 Padded Archer Armor
24:03 Loom
24:44 Fletching
28:58 Imperial Age
30:15 Murder Holes
darrencool820518
11:24 Feudal Age
13:20 Double-Bit Axe
13:25 Horse Collar
15:53 Castle Age
17:49 Bow Saw
17:43 Heavy Plow
19:22 Stone Mining
21:34 Wheelbarrow
23:03 Gold Mining
25:13 Town Watch
29:19 Imperial Age
27:45 Hand Cart
27:36 Town Patrol
29:05 Ballistics
30:03 Pikeman
30:16 Light Cavalry
Connection lost

Rejoining the realm…

Still unreachable

The connection could not be restored.

Session expired

The server has moved on; the page needs a fresh start.